 Dungeon Crawl Stone Soup version 0.30-a0-743-gbfdf073431 (webtiles) character file.

Game seed: 15264102352006091195

388 BRD the Chopper (level 6, -13/48 HPs)
             Began as a Demonspawn Gladiator on Feb 7, 2023.
             Engulfed by a steam dragon's steam (15 damage)
             ... on level 5 of the Dungeon.
             The game lasted 00:04:56 (3518 turns).

BRD the Chopper (Demonspawn Gladiator)              Turns: 3518, Time: 00:04:57

Health: -13/48     AC: 10    Str: 14    XL:     6   Next: 49%
Magic:  6/6        EV:  7    Int: 11    God:
Gold:   223        SH:  0    Dex: 15    Spells: 5/5 levels left

rFire   . . .      SeeInvis .    a - +0 war axe
rCold   . . .      Faith    .    (no shield)
rNeg    . . .      Spirit   .    g - +0 chain mail
rPois   .          Reflect  .    c - +0 helmet
rElec   +          Harm     .    (no cloak)
rCorr   +          Rampage  .    (no gloves)
Will    .....                    (no boots) Stlth
                                 o - amulet of magic regeneration
HPRegen 0.28/turn                j - ring of flight
MPRegen 0.50/turn                w - ring "Ziud" {rElec rCorr Slay+4}

@: flying
A: claws 1, demonic guardian 1, foul stench 1
a: no special abilities


You were on level 5 of the Dungeon.
You visited 1 branch of the dungeon, and saw 5 of its levels.

You collected 223 gold pieces.

Inventory:

Hand Weapons
 a - a +0 war axe (weapon)
Missiles
 d - 3 throwing nets
 e - a javelin
 v - 5 poisoned darts (quivered)
Armour
 b - a +0 leather armour
 c - a +0 helmet (worn)
 g - a +0 chain mail (worn)
Jewellery
 j - a ring of flight (left claw)
 o - an amulet of magic regeneration (around neck)
 u - a ring of resist corrosion
 w - the ring "Ziud" (right claw) {rElec rCorr Slay+4}
   (You found it on level 2 of the Dungeon)

   [ring of slaying]

   Slay:      It affects your accuracy & damage with ranged weapons and melee
   (+4).
   rElec:     It insulates you from electricity.
   rCorr:     It protects you from acid and corrosion.
Scrolls
 f - a scroll of vulnerability {unknown}
 h - 2 scrolls of amnesia {unknown}
 k - 2 scrolls of fear {unknown}
 m - 3 scrolls of enchant armour {unknown}
 n - 2 scrolls of noise {unknown}
 p - 3 scrolls of teleportation {unknown}
 r - a scroll of immolation {unknown}
 s - 4 scrolls of blinking {unknown}
 x - a scroll of butterflies {unknown}
 y - a scroll of poison {unknown}
 A - 3 scrolls of identify {unknown}
 D - a scroll of enchant weapon {unknown}
Potions
 i - 2 potions of attraction {unknown}
 l - a potion of heal wounds {unknown}
 q - 2 potions of brilliance {unknown}
 t - 2 potions of might {unknown}
 z - a potion of haste {unknown}
 B - a potion of flight {unknown}
 C - a potion of resistance {unknown}


   Skills:
 + Level 4.2 Fighting
 + Level 4.3 Axes
 - Level 2.0 Throwing
 + Level 3.2 Armour
 - Level 2.7 Dodging


You had 5 spell levels left.
You didn't know any spells.
Your spell library contained the following spells:

 Spells                   Type           Power      Damage    Failure   Level
 Yara's Violent Unravell  Hex/Tmut       0%         3d3       100%        5
 Enfeeble                 Hex            0%         N/A       100%        7


Dungeon Overview and Level Annotations

Branches:
Dungeon (5/15)
 Temple: D:4-7

Altars:
Dithmenos
Kikubaaqudgha

Annotations:
D:4 2 transporters, Rustlers's ghost, amateur DECj
D:5 Sigmund


Innate Abilities, Weirdness & Mutations

You have sharp fingernails.
A weak demonic guardian rushes to your aid.
You may rarely emit foul miasma when damaged in melee.


Message History

Your quasit bites the orc but does no damage.
Your quasit barely misses the orc.
Your quasit claws the orc but does no damage.
You see here an adder corpse.
You are engulfed in a cloud of scalding steam.
Your quasit closely misses the steam dragon.
Your quasit claws the steam dragon but does no damage. x2
You hit the steam dragon.
The steam dragon is lightly wounded.
You are engulfed in a cloud of scalding steam.
Your quasit barely misses the steam dragon.
Your quasit claws the steam dragon but does no damage.
Your quasit claws the steam dragon.
The steam dragon breathes steam at you. The ball of steam hits you!
* * * LOW HITPOINT WARNING * * *
Your quasit bites the steam dragon but does no damage.
Your quasit claws the steam dragon but does no damage.
Your quasit barely misses the steam dragon.
The steam dragon barely misses you. The steam dragon completely misses you.
You hit the steam dragon but do no damage.
The steam dragon is lightly wounded.
You are engulfed in a cloud of scalding steam.
* * * LOW HITPOINT WARNING * * *
Your quasit bites the steam dragon.
Your quasit claws the steam dragon but does no damage. x2
Sigmund gestures wildly while chanting.
Sigmund flickers and vanishes!
Deactivating autopickup; reactivate with Ctrl-A.
The steam dragon bites you.
* * * LOW HITPOINT WARNING * * *
The steam dragon claws you but does no damage.
The orc completely misses your quasit.
Your quasit bites the steam dragon but does no damage.
Your quasit closely misses the steam dragon.
Your quasit claws the steam dragon.
You slash the steam dragon!
The steam dragon is severely wounded.
You are engulfed in a cloud of scalding steam.
You die...

#.#####.# ##
#.##...†# .#
#.##.##.# .# #.##.#
.#
#.##.#######.##.###
#.##..†...........
#.#####..#..###.##
#.# #..#§§##5..#
#.# #..#§§@Doo.#
... #..#####h{o#
#..# ....... #..#
....... #..#
....... #..#
...##.# #..# ...# .
#..# .... #...


You could see a steam dragon (ally target), a hound, 3 orcs and a friendly
quasit (summoned).

Vanquished Creatures
  A black bear (D:3)
  A necrophage (D:5)
  A hound (D:5)
  4 adders
  2 worms (D:2)
  2 dart slugs (D:3)
  2 orcs
  7 endoplasms
  7 giant cockroaches
  6 goblins
  8 hobgoblins
  A jackal (D:2)
  5 quokkas
  6 ball pythons
  4 bats
  4 frilled lizards
  5 kobolds
  4 rats
70 creatures vanquished.

Vanquished Creatures (collateral kills)
  An ogre (D:4)
  A worm (D:4)
2 creatures vanquished.

Vanquished Creatures (others)
  8 fungi (D:5)
8 creatures vanquished.

Grand Total: 80 creatures vanquished

Notes
Turn   | Place    | Note
-------+----------+-------------------------------------------
     0 | D:1      | BRD the Demonspawn Gladiator began the quest for the Orb.
     0 | D:1      | Reached XP level 1. HP: 16/16 MP: 1/1
   246 | D:1      | Gained mutation: You may rarely emit foul miasma when
                  | damaged in melee. [demonic ancestry]
   246 | D:1      | Reached XP level 2. HP: 21/22 MP: 2/2
   998 | D:2      | Reached skill level 1 in Armour
  1131 | D:2      | Gained mutation: You have sharp fingernails. [demonic
                  | ancestry]
  1131 | D:2      | Reached XP level 3. HP: 14/28 MP: 3/3
  1192 | D:2      | Found a faded altar of an unknown god.
  1541 | D:2      | Identified the ring "Ziud" {rElec rCorr Slay+4}
  1818 | D:3      | Noticed a black bear
  1825 | D:3      | Killed a black bear
  1826 | D:3      | Gained mutation: A weak demonic guardian rushes to your
                  | aid. [demonic ancestry]
  1826 | D:3      | Reached XP level 4. HP: 19/35 MP: 4/4
  1902 | D:3      | Reached XP level 5. HP: 41/41 MP: 5/5
  2613 | D:4      | Noticed Rustlers's ghost (amateur DECj)
  2622 | D:4      | Noticed an ogre
  2640 | D:4      | Killed an ogre
  2825 | D:4      | Found an ancient bone altar of Kikubaaqudgha.
  2826 | D:4      | Found a shadowy altar of Dithmenos.
  2845 | D:4      | Found a transporter.
  2859 | D:4      | Found a transporter.
  2997 | D:4      | Reached XP level 6. HP: 45/48 MP: 6/6
  3401 | D:5      | Entered Level 5 of the Dungeon
  3511 | D:5      | Noticed Sigmund
  3511 | D:5      | Noticed a steam dragon
  3517 | D:5      | HP: 2/48 [steam dragon (3)]
  3518 | D:5      | Engulfed by a steam dragon's steam

Illustrated notes

Levels and vault maps discovered:
D:1:      dpeg_arrival_rhombi, layout_basic
D:2:      layout_loops_cross, shapermc_ecumenical_altar_petra,
          kennysheep_generic_room_3
D:3:      layout_basic
D:4:      layout_basic, nicolae_overflow_two_pavilions,
          gammafunk_ghost_stat_death, chequers_serial_rivers_small_b,
          kennysheep_generic_room_8
D:5:      layout_loops_ring, serial_aquarium, aquarium_bridge_island_small
          [aquarium_subvault_small_water, aquarium_subvault_wall,
          aquarium_subvault_balcony, aquarium_subvault_bridge,
          aquarium_subvault_bridge], aquarium_window_1, aquarium_window_1,
          aquarium_window_fake, aquarium_window_fake, aquarium_view_2c,
          aquarium_pool_corner, uniq_sigmund, uniq_edmund

Skill      XL: |  1  2  3  4  5  6 |
---------------+-------------------+-----
Throwing       | 2 |  2.0
Axes           | 3 4 |  4.3
Armour         | 1 2 3 |  3.2
Fighting       | 3 4 |  4.2
Dodging        | |  2.7

Action                     |  1- 3 |  4- 6 || total
---------------------------+-------+-------++-------
  Melee: War axe           |    95 |    86 ||   181
         Punch             |     1 |     1 ||     2
  Throw: Dart              |       |     6 ||     6
 Armour: Chain mail        |    70 |    51 ||   121
  Dodge: Dodged            |    21 |    28 ||    49

Table legend: (Time is in decaauts)
 A = Elapsed time spent in this place.
 B = Non-inter-level travel time spent in this place.
 C = Inter-level travel time spent in this place.
 D = Time resting spent in this place.
 E = Time spent auto-exploring this place.
 F = Levels seen in this place.
 G = Mean time per level.
                   A        B        C        D        E       F      G
               +--------+--------+--------+--------+--------+-----+--------+
         Total |   3573 |   3359 |    214 |     77 |   2747 |   5 |  714.6 |
       Dungeon |   3573 |   3359 |    214 |     77 |   2747 |   5 |  714.6 |
               +--------+--------+--------+--------+--------+-----+--------+

Top non-repeatable levels by time:
     D:1: 947 daAuts
     D:4: 922 daAuts
     D:2: 864 daAuts
     D:3: 717 daAuts
     D:5: 123 daAuts
